[Event "*** Titled Tuesday Blitz"]
[Site "Chess.com"]
[Date "2021.04.06"]
[Round "10"]
[White "Fy_Rakotomaharo"]
[Black "DamianoLew95"]
[Result "1/2-1/2"]
[WhiteElo "2691"]
[BlackElo "2579"]
[TimeControl "180+1"]
[EndTime "11:57:29 PDT"]
[Termination "Game drawn by stalemate"]

1. d4 d5 2. c4 c6 3. Nc3 Nf6 4. Nf3 e6 5. Bg5 Nbd7 6. e3 Qa5 7. Nd2 Bb4 8. Qc2 dxc4 9. Bxf6 Nxf6 10. Nxc4 Qd8 11.
Bd3 O-O 12. O-O c5 13. dxc5 Bxc5 14. Rfd1 Qe7 15. Rac1 b6 16. Ne4 g6 17. Ne5 Bb7 18.
Nxc5 Rac8 19. b4 bxc5 20. bxc5 Rc7 21. c6 Rfc8 22. cxb7 Rxc2 23. bxc8=Q+ Rxc8 24. Rxc8+ Kg7 25. Rdc1 Qd6 26. f4 Qb6 27. R8c7 Qxe3+ 28. Kh1 Kh6 29. Nxf7+ Kh5 30. Ne5 Qxf4 31. Be2+ Kg5 32. Nf3+ Kh6 33. Bf1 Qe3 34. R7c3 Qb6 35. Re1 Ng4 36. h3 Nf2+ 37. Kh2 Qd6+ 38. Kg1 Qb6 39. Rce3 Nd3 40. Bxd3 Qc5 41.
Kh2 Qd4 42. Kh1 Qf4 43. Bf1 e5 44. Rxe5 Qg3 45. Re7 a5 46. Rf7 Qf2 47. Kh2 Qc5 48.
Ree7 Qd6+ 49. Kh1 g5 50. Rxh7+ Kg6 51. Rhg7+ Kh5 52. Rxg5+ Kh6 53. Rgg7 a4 54. Rgf7 a3 55. Rh7+ Kg6 56. Reg7+ Kf5 57. Rh5+ Ke4 58. Re5+ Kf4 59.
Rf7+ Kg3 60. Rg5+ Kf2 61. Ne5+ Ke1 62. Nd3+ Kd2 63. Rf2+ Kd1 64. Rg4 Qh2+ 65. Kxh2 1/2-1/2

[Event "*** Titled Tuesday Blitz"]
[Site "Chess.com"]
[Date "2021.04.06"]
[Round "10"]
[White "Sanyura"]
[Black "TimofeevAr"]
[Result "0-1"]
[WhiteElo "2600"]
[BlackElo "2830"]
[TimeControl "180+1"]
[EndTime "11:57:29 PDT"]
[Termination "TimofeevAr won on time"]

1. Nf3 Nf6 2. g3 g6 3. Bg2 Bg7 4. O-O O-O 5. d4 d5 6. c4 dxc4 7. Na3 c6 8. Nxc4 Be6 9. Qc2 Bd5 10. a4 Na6 11. Bd2 Rc8 12. Rfd1 c5 13. b3 cxd4 14.
Bf4 Be4 15. Qd2 d3 16. exd3 Bd5 17. Rac1 Nc5 18. Rb1 b6 19. Bh6 Bxf3 20. Bxf3 Bxh6 21. Qxh6 Qd4 22. Qe3 Ne6 23. Kg2 Rfd8 24. Rbc1 Kf8 25. Ne5 Rxc1 26. Rxc1 Qxe3 27. fxe3 Nc5 28. d4 Nxb3 29. Rc7 a5 30. Rb7 Nd2 31. Rxb6 Nd5 32. Bxd5 Rxd5 33. Rb8+ Kg7 34. Rb7 Kf8 35. Ra7 f6 36.
Nc6 Nc4 37. Kf3 Rf5+ 38. Ke2 e5 39. d5 e4 40. Ra8+ Kf7 41. Ra7+ Kf8 42. d6 Nxd6 43. Nxa5 Rc5 44. Nb3 Rc2+ 45. Kd1 Rxh2 46. Ra6 Nc4 47.
Rxf6+ Ke7 48. Rc6 Nxe3+ 49. Kc1 Nd5 50. Rc5 Kd6 51. Rc8 e3 52. Rd8+ Ke5 53. Re8+ Kf5 54. Nd4+ Kg4 55. Re4+ Kxg3 56. Re5 Rh5 57. Re4 Kf2 58. a5 Nc3 59. Rf4+ Kg2 0-1

[Event "*** Titled Tuesday Blitz"]
[Site "Chess.com"]
[Date "2021.04.06"]
[Round "10"]
[White "Rondo_Capriccioso"]
[Black "2Tilted"]
[Result "1-0"]
[WhiteElo "2484"]
[BlackElo "2346"]
[TimeControl "180+1"]
[EndTime "11:57:29 PDT"]
[Termination "Rondo_Capriccioso won by checkmate"]

1. e4 c5 2. Nf3 e6 3. d4 cxd4 4. Nxd4 Nc6 5. Nc3 Qc7 6. Be3 a6 7. Qd2 Nf6 8. O-O-O Be7 9. f3 h5 10. Kb1 d6 11. h3 b5 12. Qf2 Nxd4 13. Bxd4 e5 14. Be3 Be6 15. Nd5 Bxd5 16. exd5 h4 17. Be2 Rc8 18. Rd2 Nh5 19. Rhd1 Ng3 20. Bd3 Bf6 21. Rc1 O-O 22. c3 Qb7 23. Bc2 b4 24. c4 a5 25. f4 a4 26. Bxa4 e4 27. Bc6 Rxc6 28. dxc6 Qxc6 29. Bd4 e3 30. Bxe3 b3 31. axb3 Qe4+ 32. Rcc2 Nf5 33. Bb6 Rb8 34. b4 Qc6 35.
c5 dxc5 36. Bxc5 Qa4 37. Rd5 Ra8 38. Kc1 Qa1+ 39. Kd2 Ng3 40. Qf3 Nf1+ 41. Ke2 Ng3+ 42.
Kd2 Nf1+ 43. Kd3 Qa6+ 44. Rc4 Nd2 45. Kxd2 Qxc4 46. Qd3 Qxd3+ 47. Kxd3 Bxb2 48. Bd4 Bxd4 49. Kxd4 Kf8 50. Rg5 Ra2 51. b5 Rb2 52. Kc5 g6 53.
b6 Ke7 54. Kc6 Rc2+ 55. Kb7 Kd7 56. Rd5+ Ke6 57. Rd3 Rxg2 58. Kc7 Rc2+ 59. Kb8 Rb2 60. b7 f6 61. Rc3 g5 62. fxg5 fxg5 63. Kc8 Kf5 64. b8=Q Rxb8+ 65. Kxb8 g4 66. Rc5+ Kf4 67. Rc4+ Kg3 68. hxg4 h3 69. g5 h2 70. Rc1 Kh4 71. g6 Kg3 72. g7 Kh3 73. g8=Q h1=Q 74. Rxh1# 1-0

[Event "*** Titled Tuesday Blitz"]
[Site "Chess.com"]
[Date "2021.04.06"]
[Round "10"]
[White "korkmaz16"]
[Black "AniJak"]
[Result "1/2-1/2"]
[WhiteElo "2404"]
[BlackElo "2305"]
[TimeControl "180+1"]
[EndTime "11:57:29 PDT"]
[Termination "Game drawn - insufficient material"]

1. e4 c6 2. d4 d5 3. Nc3 dxe4 4. Nxe4 Nf6 5. Nxf6+ exf6 6. Bc4 Qb6 7. Qe2+ Be7 8. c3 Bf5 9. Nf3 Nd7 10. O-O Nf8 11. Re1 Be6 12. Bf4 O-O-O 13. a4 Bxc4 14. Qxe7 Rd7 15. Qe8+ Rd8 16. Qe7 Rd7 17. Qe4 Bd5 18.
Qe3 Ne6 19. Bg3 Qxb2 20. Nd2 Nc7 21. Reb1 Qc2 22. c4 Be6 23. d5 cxd5 24. Rc1 d4 25.
Qf4 Qf5 26. Qh4 g5 27. Qh5 Qg6 28. Qe2 h5 29. c5 Bd5 30. Nf3 h4 31. Bd6 Bxf3 32. Qxf3 g4 33. Qb3 Qe4 34. Re1 Qd5 35. Rab1 Qxb3 36. Rxb3 Re8 37. Reb1 b6 38. Bxc7 Rxc7 39.
cxb6 axb6 40. Rxb6 d3 41. Rd6 Rd8 42. Rxd8+ Kxd8 43. Rd1 Rc3 44. f3 g3 45. hxg3 hxg3 46. Kf1 Kc7 47. Ke1 Kb6 48. Kd2 Rc2+ 49. Kxd3 Rxg2 50. Ke3 Rf2 51. Rg1 f5 52. Rxg3 Ra2 53. Rg5 Ra3+ 54. Kf4 Rxa4+ 55. Kxf5 Kc6 56. Kf6 Kd6 57. Rf5 Ra7 58.
Kg7 Ke6 59. Rf6+ Ke5 60. f4+ Ke4 61. Kf8 Ra5 62. Kxf7 Rf5 63. Rxf5 Kxf5 64. Ke7 Kxf4 1/2-1/2

[Event "*** Titled Tuesday Blitz"]
[Site "Chess.com"]
[Date "2021.04.06"]
[Round "10"]
[White "Borsuk_Konstantin"]
[Black "Nf3c5"]
[Result "0-1"]
[WhiteElo "2670"]
[BlackElo "2571"]
[TimeControl "180+1"]
[EndTime "11:57:31 PDT"]
[Termination "Nf3c5 won on time"]

1. d4 Nf6 2. c4 g6 3. Nc3 d5 4.
Nf3 Bg7 5. Bg5 dxc4 6. e3 c5 7. dxc5 Qa5 8. Bxc4 Qxc5 9. Bxf6 Bxf6 10. Qd5 Bxc3+ 11. bxc3 Qxd5 12. Bxd5 e6 13. Be4 Nd7 14. Rb1 Nc5 15. Nd2 Rb8 16. Bc2 b6 17. Ne4 Nxe4 18. Bxe4 Ba6 19. Kd2 Ke7 20. Kc2 Rhc8 21. Rhd1 Rc5 22.
Bd3 Bb7 23. f3 Bd5 24. e4 Bb7 25. Bb5 Rc7 26. Rd3 a6 27. Ba4 b5 28. Bb3 Rbc8 29. Kb2 a5 30. a3 Ba6 31. Re3 g5 32. Rd1 h5 33. e5 Rc6 34. Rd4 R8c7 35. g3 Rc5 36. f4 g4 37. Rd2 Bb7 38. Red3 Be4 39. Re3 Bf5 40. Rd4 Rc8 41. a4 h4 42. Ka3 Rh8 43. axb5 Rxb5 44. Ba4 Rb7 45. c4 hxg3 46. hxg3 Rh1 47. Rd1 Rh2 48. c5 Rb4 49. Rd7+ Kf8 50. Rd8+ Kg7 51. Rc3 Bb1 52. Bb3 Rh1 53. Rd1 Rxb3+ 54.
Kxb3 Rxd1 55. c6 Be4 56. c7 Bb7 57. Ka4 Bc8 58. Kxa5 Rb1 0-1

[Event "*** Titled Tuesday Blitz"]
[Site "Chess.com"]
[Date "2021.04.06"]
[Round "10"]
[White "GrigoriyM2001"]
[Black "KaterynaLagno"]
[Result "0-1"]
[WhiteElo "2551"]
[BlackElo "2685"]
[TimeControl "180+1"]
[EndTime "11:57:32 PDT"]
[Termination "KaterynaLagno won by resignation"]

1. d4 Nf6 2. c4 g6 3. Nc3 d5 4.
cxd5 Nxd5 5. g3 Bg7 6. Bg2 Nb6 7. Nf3 O-O 8. O-O Nc6 9. e3 Re8 10. Nh4 a5 11. f4 a4 12. Qe2 a3 13. b3 Nxd4 14.
exd4 Qxd4+ 15. Be3 Qxc3 16. Rac1 Qb4 17. Rxc7 e6 18. Kh1 Nd5 19. Rc4 Qa5 20. Bd4 Bxd4 21. Rxd4 Bd7 22. Rc1 Bc6 23. Nf3 Ne7 24. Ne5 Bxg2+ 25.
Kxg2 Red8 26. Rdc4 Qd5+ 27. Kh3 f6 28. Nf3 Nc6 29. Rc5 Qd7 30. Kg2 Kf7 31. R1c2 Qd3 32. Qf2 Qd6 33. Rb5 Qe7 34. Rbc5 Rd6 35. R5c4 Rad8 36. b4 R6d7 37. b5 Nb4 38. Re2 Qd6 39. Qe1 Nd3 40. Qc3 Qd5 41. Rd4 Qxb5 42. Rxd7+ Rxd7 43. Rd2 Nc5 44. Rxd7+ Nxd7 45. Qc7 Qc6 46. Qd8 e5 47. Qh8 Nf8 48. fxe5 fxe5 49. Qxe5 Qc2+ 50. Kh3 Qf5+ 51. Qxf5+ gxf5 52. Nd2 b5 53. Nb1 b4 54. Nd2 Ne6 55. Nc4 b3 56. Nxa3 bxa2 57. Nc2 Nd4 58.
Na1 Ke6 59. Kh4 Kd5 60. Kg5 Kc4 61. Kh6 Kc3 62. Kxh7 Nc2 63. h4 Nxa1 64. h5 Nb3 65. h6 a1=Q 66. Kg8 Qg1 67. h7 Qxg3+ 68. Kf7 0-1

[Event "*** Titled Tuesday Blitz"]
[Site "Chess.com"]
[Date "2021.04.06"]
[Round "10"]
[White "RobertoJBM"]
[Black "MartinHollan"]
[Result "1-0"]
[WhiteElo "2700"]
[BlackElo "2565"]
[TimeControl "180+1"]
[EndTime "11:57:33 PDT"]
[Termination "RobertoJBM won by resignation"]

1. d4 Nf6 2. Nf3 e6 3. e3 c5 4.
Bd3 Nc6 5. O-O d5 6. c3 Bd6 7.
Nbd2 e5 8. dxe5 Nxe5 9. Nxe5 Bxe5 10. f4 Bc7 11. e4 c4 12. Bc2 O-O 13. Kh1 Bg4 14. Qe1 dxe4 15. Nxc4 Re8 16. Ne5 Bxe5 17.
fxe5 Rxe5 18. Bf4 Rb5 19. Bb3 Bh5 20. Qg3 Bg6 21. Be3 Rf5 22. Bd4 Rxf1+ 23. Rxf1 Qe7 24. Qg5 Re8 25. Ba4 Ra8 26. h4 e3 27. Qxe3 Qxe3 28. Bxe3 Ng4 29. Bd4 f6 30. Re1 h5 31.
Re7 b6 32. Kg1 Kh7 33. Bd1 b5 34. Bxg4 hxg4 35. Bxf6 Rg8 36. Rxa7 b4 37. cxb4 Bb1 38. a4 Kg6 39. Bc3 Kf5 40. Rxg7 Re8 41. Rf7+ Ke4 42.
Kh2 Bd3 43. Kg3 Kd5 44. Rf4 Be2 45. Rd4+ Kc6 46. b5+ Kb7 47. h5 Re3+ 48. Kf2 Re7 49. g3 Bf3 50. Rd2 Rh7 51. Ke3 Rxh5 52. Bd4 Kc8 53.
b6 Rd5 54. Rc2+ Kb7 55. b4 Kb8 56. Rc7 Rd8 57. a5 Re8+ 58. Kd3 Rd8 59. Kc3 Bb7 60.
Be5 Rc8 61. Kd4 Ka8 62. b5 Rxc7 63. Bxc7 Bc8 64. Kc5 Bd7 65. Bf4 Kb7 66. Bd2 Ka8 67. a6 Bc8 68. Be3 Bb7 69. axb7+ Kxb7 70. Bf2 1-0

[Event "*** Titled Tuesday Blitz"]
[Site "Chess.com"]
[Date "2021.04.06"]
[Round "10"]
[White "Rytenko_V"]
[Black "Hard_Utilizator"]
[Result "0-1"]
[WhiteElo "2374"]
[BlackElo "2523"]
[TimeControl "180+1"]
[EndTime "11:57:33 PDT"]
[Termination "Hard_Utilizator won on time"]

1. d4 d5 2. c4 e6 3. Nc3 Nf6 4. Bg5 c6 5. e3 Be7 6. Nf3 Nbd7 7. Bd3 O-O 8. O-O dxc4 9. Bxc4 Nd5 10. Bxe7 Qxe7 11.
e4 Nxc3 12. bxc3 e5 13. d5 Nf6 14. Qc2 Bg4 15. Nd2 cxd5 16. Bxd5 Rac8 17. c4 Nxd5 18. exd5 Be2 19. Rfe1 Bxc4 20. Nxc4 b5 21. Qe4 bxc4 22.
Qxe5 Qxe5 23. Rxe5 Rfd8 24. Rc1 f6 25. Rf5 c3 26. Kf1 c2 27. Ke2 Kf7 28. Kd2 g6 29. Rf3 Rxd5+ 30. Rd3 Rdc5 31. Rd7+ Ke6 32. Rxa7 Rd8+ 33.
Ke2 Re5+ 34. Kf3 Rd3+ 35. Kf4 Rd4+ 36. Kf3 h5 37. Ra3 Rd2 38. Re3 Kf5 39. Rxe5+ fxe5 40. Ke3 Rd4 41. Rxc2 Re4+ 42. Kf3 Ra4 43. Ke3 Ra3+ 44. Ke2 g5 45. Rd2 h4 46. f3 Kf4 47. Kf2 g4 48.
g3+ hxg3+ 49. hxg3+ Kf5 50. fxg4+ Kxg4 51. Re2 Kf5 52.
Rd2 e4 53. Re2 Ke5 54. Kg2 Kd4 55. Kh3 Kd3 56. Rg2 e3 57. g4 e2 58. Rxe2 Kxe2+ 59. Kh4 Rxa2 60. g5 Ke3 61. g6 Ke4 62. Kg5 Ke5 63. g7 Rg2+ 64. Kh6 Kf6 0-1

[Event "*** Titled Tuesday Blitz"]
[Site "Chess.com"]
[Date "2021.04.06"]
[Round "10"]
[White "1977Ivan"]
[Black "NateSolon"]
[Result "1/2-1/2"]
[WhiteElo "2750"]
[BlackElo "2630"]
[TimeControl "180+1"]
[EndTime "11:57:34 PDT"]
[Termination "Game drawn - insufficient material"]

1. d4 Nf6 2. c4 e6 3. Nc3 Bb4 4. Qc2 O-O 5. Nf3 b6 6. e4 Bb7 7. Bd3 Bxc3+ 8. bxc3 h6 9. O-O d6 10. Nd2 c5 11. f4 Nc6 12. d5 Na5 13. Nb3 b5 14. Nxa5 Qxa5 15. dxe6 fxe6 16. cxb5 c4 17.
Bxc4 Bxe4 18. Bxe6+ Kh8 19. Qf2 Rae8 20. f5 Qxb5 21. c4 Qc6 22. Bb2 Bd3 23. Rfc1 Ng4 24.
Qd4 Qc5 25. h3 Qxd4+ 26. Bxd4 Ne5 27. Bxe5 dxe5 28. g4 g6 29. Rc3 gxf5 30. Rxd3 Rxe6 31. gxf5 Rxf5 32. Re1 Rg6+ 33. Kh1 Rc6 34. Re4 Kg7 35. Rd7+ Rf7 36. Rxf7+ Kxf7 37. Kg2 Ke6 38. Kf3 Kf5 39. Ke3 Ra6 40. Rh4 Ra3+ 41. Kd2 Rxa2+ 42. Kc3 Ra6 43. c5 e4 44. Kd4 Ra4+ 45. Kd5 Ra1 46. Rh5+ Kf4 47.
Rxh6 Rd1+ 48. Kc4 e3 49. Rf6+ Kg3 50. Re6 Kf2 51. Rf6+ Kg2 52. Re6 Kf2 53. Rf6+ Ke1 54.
c6 Rc1+ 55. Kd3 e2 56. Re6 Rd1+ 57. Kc2 Kf1 58. c7 Rd6 59. Rxe2 Rc6+ 60. Kd3 Rxc7 61. Re6 Rd7+ 62. Kc4 Kg2 63. Ra6 Rh7 64. Kc5 Rxh3 65. Kc6 Rh5 66. Kb7 Rh7+ 67. Ka8 Rg7 68. Rxa7 Rxa7+ 69. Kxa7 1/2-1/2

[Event "*** Titled Tuesday Blitz"]
[Site "Chess.com"]
[Date "2021.04.06"]
[Round "10"]
[White "chessdiamant"]
[Black "Zq1"]
[Result "0-1"]
[WhiteElo "2386"]
[BlackElo "2552"]
[TimeControl "180+1"]
[EndTime "11:57:38 PDT"]
[Termination "Zq1 won by resignation"]

1. e4 c5 2. Nf3 d6 3. Bb5+ Bd7 4. c4 Nc6 5. O-O g6 6. d4 cxd4 7. Nxd4 Bg7 8. Be3 Nf6 9. Nc3 O-O 10. h3 a6 11.
Bxc6 Bxc6 12. Nxc6 bxc6 13. f4 Rb8 14. Rb1 Qa5 15. Qd2 Qb4 16. b3 Nh5 17. Rbc1 Ng3 18. Rf3 Bxc3 19. Qc2 Nxe4 20. Qxe4 Bf6 21. f5 d5 22. Qg4 Rfd8 23. fxg6 hxg6 24. Rcf1 dxc4 25. bxc4 Rd3 26. h4 Rxe3 27. Rxe3 Qc5 28. Re1 Bd4 29.
Qf3 Qxc4 30. Qe4 Bxe3+ 31. Qxe3 Qxh4 32. Rc1 Qf6 33. Qg3 Rd8 34. Rf1 Qd4+ 35. Rf2 Qd6 36.
Qf3 Qd1+ 37. Rf1 Qxf3 38. Rxf3 Rd5 39. Ra3 a5 40. Rc3 Rd2 41. Ra3 Rd5 42. Rc3 c5 43.
Rc4 Rd4 44. Rxc5 Ra4 45. Rc2 Ra3 46. Kf2 e5 47. Re2 Kg7 48. Rxe5 Rxa2+ 49. Kg3 Ra1 50. Rb5 a4 51. Ra5 a3 52. Kh3 f5 53. Ra6 g5 54. Kg3 a2 55. Kh2 f4 56. Rb6 Rb1 57. Ra6 a1=Q 58. Rxa1 Rxa1 59. Kh3 Ra3+ 60. Kg4 Rg3+ 61. Kh5 f3 62. gxf3 Rxf3 63. Kxg5 Rf6 64. Kh5 Rg6 65. Kh4 Kf6 66. Kh5 Kf5 67. Kh4 Kf4 68.
Kh5 Rf6 0-1

[Event "*** Titled Tuesday Blitz"]
[Site "Chess.com"]
[Date "2021.04.06"]
[Round "10"]
[White "superchess02"]
[Black "bazar-wokzal"]
[Result "1-0"]
[WhiteElo "2821"]
[BlackElo "2592"]
[TimeControl "180+1"]
[EndTime "11:57:39 PDT"]
[Termination "superchess02 won by resignation"]

1. d4 Nf6 2. c4 Nc6 3. Nf3 e6 4. Nc3 Bb4 5. Bg5 h6 6. Bxf6 Bxc3+ 7. bxc3 Qxf6 8. e3 d6 9. Rb1 O-O 10. Bd3 e5 11. O-O Rb8 12. Nd2 Qe7 13. Kh1 f5 14.
f4 e4 15. Be2 b6 16. g4 fxg4 17. Bxg4 Bxg4 18. Qxg4 Kh8 19. Rg1 Rbe8 20. Rb5 Rf6 21. Rh5 Qf7 22. Rh4 Na5 23. d5 Nb7 24. Nb3 Nc5 25. Nd4 Kh7 26. Rg2 Nd3 27. Ne6 Rexe6 28. dxe6 Rxe6 29. f5 Re5 30. Rh5 Ne1 31. Qg6+ Kg8 32.
Rg3 Qxg6 33. Rxg6 Kf7 34. Rg4 Nc2 35. Rh3 Rxf5 36. Rxe4 Ne1 37. Rf4 Rxf4 38. exf4 Nc2 39. Rd3 Na3 40. Rd4 Kf6 41. Kg2 Kf5 42. Kf3 a5 43.
Rd5+ Ke6 44. Rd4 Kf5 45. h4 g6 46. Rd5+ Ke6 47. h5 gxh5 48. Rxh5 Nxc4 49. Rxh6+ Kf5 50. Rh5+ Kf6 51. Ke4 Nd2+ 52. Kd5 Nb1 53. Rh3 Kf5 54. Rf3 Nd2 55. Rd3 Ne4 56. c4 Nc5 57. Rf3 Ne6 58.
Rf1 Nxf4+ 59. Kc6 Ke4 60. Kxc7 d5 61. Rxf4+ Kxf4 62. cxd5 b5 63. d6 b4 64. d7 a4 65.
d8=Q b3 66. axb3 axb3 67. Qd4+ Kf5 68. Qb2 1-0

[Event "*** Titled Tuesday Blitz"]
[Site "Chess.com"]
[Date "2021.04.06"]
[Round "10"]
[White "Skat2704"]
[Black "gmcorrales"]
[Result "1-0"]
[WhiteElo "2651"]
[BlackElo "2767"]
[TimeControl "180+1"]
[EndTime "11:57:39 PDT"]
[Termination "Skat2704 won by resignation"]

1. d4 Nf6 2. c4 g6 3. Nf3 Bg7 4.
Nc3 d5 5. e3 O-O 6. cxd5 Nxd5 7. Bc4 Nb6 8. Bb3 a5 9. O-O Na6 10. Re1 c5 11. h3 cxd4 12. exd4 e6 13. Bf4 Nb4 14. Be5 N4d5 15. Rc1 Nxc3 16. Rxc3 Bxe5 17. Nxe5 Bd7 18. Qf3 a4 19. Bc2 Nd5 20. Ra3 b5 21.
Be4 b4 22. Bxd5 exd5 23. Rae3 Bf5 24. Nc6 Be4 25. Nxd8 Bxf3 26. Nb7 Be4 27. Nd6 Bc2 28. Ne8 Ra5 29. Nf6+ Kg7 30. Nd7 Rd8 31. Nc5 Ra7 32. Re7 Rda8 33. Ne6+ Kg8 34. Nc7 Rc8 35. Nxd5 Ra5 36.
Nxb4 Rc4 37. Rb7 Bf5 38. Re8+ Kg7 39. b3 axb3 40. axb3 Rxd4 41. Ree7 Be6 42. Rxe6 Rxb4 43. Rxg6+ hxg6 44. Rxb4 Ra1+ 45. Kh2 Rb1 46. Rb7 Rb2 47. Kg3 Kf6 48. b4 Kg7 49. b5 Rb3+ 50. f3 Rb2 51. b6 Kf6 52. h4 Kg7 53. Kh3 Kf6 54.
g4 Kg7 55. Kg3 Kf6 56. Kf4 Rb4+ 57. Ke3 Ke6 58. f4 Rb1 59. h5 gxh5 60. gxh5 Kf6 61.
Rb8 Kg7 62. Kd4 Rb5 63. Kc4 Rb1 64. Kc5 Rc1+ 65. Kd6 Rb1 66. Kc7 Rc1+ 67. Kb7 Rc4 68. Rc8 Rxf4 69. Rc5 f5 70. Kc7 Kf6 71. b7 Rb4 72.
Rc6+ Kg5 73. Rb6 Rc4+ 74. Kd7 Rd4+ 75. Ke7 Re4+ 76. Kf7 1-0

[Event "*** Titled Tuesday Blitz"]
[Site "Chess.com"]
[Date "2021.04.06"]
[Round "10"]
[White "Cptn2"]
[Black "tandaleo"]
[Result "1-0"]
[WhiteElo "2537"]
[BlackElo "2406"]
[TimeControl "180+1"]
[EndTime "11:57:39 PDT"]
[Termination "Cptn2 won by resignation"]

1. e4 e5 2. Nf3 Nc6 3. c3 Nf6 4.
d4 exd4 5. e5 Nd5 6. Bc4 Nb6 7.
Bxf7+ Kxf7 8. Ng5+ Ke8 9. cxd4 d6 10. e6 Qf6 11. O-O Be7 12. d5 Ne5 13. f4 Ng6 14. Qh5 h6 15. Nf7 Rf8 16. f5 Nxd5 17. fxg6 Qxe6 18. Nc3 Nxc3 19. bxc3 Bd7 20. Bd2 Qg4 21.
Qxg4 Bxg4 22. Rae1 Kd7 23. Rf4 Bh5 24. Rfe4 Bf6 25. Nxh6 gxh6 26. Bxh6 Bxg6 27. Rg4 Rg8 28. c4 Rae8 29. Rf1 Bd4+ 30. Rxd4 Be4 31. g3 Kc6 32. Bf4 Bf5 33. Kf2 Bg4 34. Rd2 Re4 35. Rc1 Rge8 36. Rcc2 Re1 37. Kg2 Ra1 38. h3 Bf5 39. Rb2 Be4+ 40.
Kf2 Rh1 41. h4 Rh2+ 42. Ke3 Bh1+ 43. Kd4 Rxd2+ 44. Rxd2 Re4+ 45. Kc3 Kc5 46. h5 Rxc4+ 47. Kb2 Be4 48. h6 b5 49. Be3+ Kc6 50. g4 Bh7 51. g5 b4 52. Rg2 Re4 53. Bxa7 Re6 54. Bd4 Kd5 55. Bf6 Re4 56. g6 Bxg6 57. Rxg6 Re2+ 58.
Kb3 c5 59. h7 Re3+ 60. Kc2 Kc4 61. h8=Q Re2+ 62. Kd1 1-0

[Event "*** Titled Tuesday Blitz"]
[Site "Chess.com"]
[Date "2021.04.06"]
[Round "10"]
[White "Orest_Vovk"]
[Black "Arseniy_Nesterov"]
[Result "1-0"]
[WhiteElo "2611"]
[BlackElo "2738"]
[TimeControl "180+1"]
[EndTime "11:57:41 PDT"]
[Termination "Orest_Vovk won on time"]

1. d4 Nf6 2. Nf3 e6 3. Bg5 d5 4. Nbd2 Be7 5. e3 O-O 6. Bd3 b6 7. Ne5 Nfd7 8. Bxe7 Qxe7 9. f4 Ba6 10. Bxa6 Nxa6 11.
O-O c5 12. c3 Nab8 13. Rf3 f6 14. Nxd7 Nxd7 15. Rh3 e5 16. Qh5 g6 17. Qg4 f5 18. Qg3 cxd4 19. cxd4 e4 20. Qf2 Rac8 21. Nf1 Nf6 22. Qe2 Qb4 23. Rg3 Rc4 24. b3 Rc3 25. Qa6 Rc7 26. h4 Kf7 27. Qe2 Rfc8 28. Rd1 b5 29.
Rd2 a6 30. Rg5 h6 31. Rg3 Rc1 32. h5 Nxh5 33. Rh3 Kg7 34. Rxh5 gxh5 35. Qf2 Rxf1+ 36. Kxf1 Rc1+ 37. Ke2 Qc3 38. Qg3+ Kf7 39. Qh3 Ke6 40. Qxh5 Qa1 41. Qe8+ Kd6 42. Qd8+ Kc6 43. Qc8+ Kb6 44. Qd8+ Ka7 45. Qd7+ Kb8 46. Qd8+ Rc8 47. Qb6+ Ka8 48. Qxa6+ Kb8 49. Qxb5+ Ka7 50. Qa5+ Kb7 51. Qxd5+ Ka7 52. Qa5+ Kb8 53. Qe5+ Kb7 54. Qe7+ Rc7 55. Qb4+ Kc8 56. Qf8+ Kb7 57. Qxf5 Qg1 58. Qg6 Qc1 59. Qxe4+ Ka7 60. Qd3 Kb8 61. d5 Qg1 62. Qe4 Rc1 63. Qe8+ Kb7 64.
Qe7+ Kb8 65. Kd3 Qf1+ 66. Ke4 1-0

[Event "*** Titled Tuesday Blitz"]
[Site "Chess.com"]
[Date "2021.04.06"]
[Round "10"]
[White "kamilianin235"]
[Black "ajdemipopushi"]
[Result "1/2-1/2"]
[WhiteElo "2253"]
[BlackElo "2408"]
[TimeControl "180+1"]
[EndTime "11:57:44 PDT"]
[Termination "Game drawn by repetition"]

1. e4 c5 2. Nf3 g6 3. d4 cxd4 4. Qxd4 Nf6 5. Nc3 Nc6 6. Qa4 d6 7. e5 Ng4 8. exd6 Qxd6 9. Bf4 e5 10. Rd1 Qb8 11. Bg3 Bg7 12. h3 Nh6 13. Bb5 O-O 14. O-O Nf5 15. Bh2 a6 16. Bxc6 bxc6 17. Rfe1 Qxb2 18. Ne4 Be6 19. a3 Qb5 20. Qxb5 axb5 21. Nxe5 Rfc8 22. Nc5 Bd5 23. Ned7 Rxa3 24. Nb6 Rf8 25.
Nxd5 cxd5 26. Rxd5 Rc3 27. Nd3 Rxc2 28. Rxb5 Bd4 29. Rf1 Rd8 30. Nf4 Rd7 31. Rd5 Rxd5 32. Nxd5 Nh4 33. Bg3 Nf5 34. Bh2 Rd2 35. Nf4 Bb6 36.
g3 h5 37. h4 Nd4 38. Kg2 Bc7 39. Nd5 Bd6 40. Nf6+ Kg7 41. Ne4 Rd3 42. Nxd6 Nf5 43.
Nxf5+ gxf5 44. Re1 Kg6 45. Bg1 Rd2 46. Kh3 f4 47.
gxf4 f6 48. Bh2 Kf5 49. Rg1 Rxf2 50. Rg3 Rf1 51. Ra3 Rf2 52. Kg3 Rd2 53. Ra5+ Kg6 54. f5+ Kh6 55. Bg1 Rd3+ 56. Kf4 Rd4+ 57. Kg3 Rg4+ 58.
Kh2 Rxh4+ 59. Kg3 Rg4+ 60. Kh2 Rh4+ 61. Kg2 Rg4+ 62. Kh1 Rh4+ 63. Bh2 Rg4 64. Bd6 Kg5 65. Kh2 Rd4 66. Bf8 Rd2+ 67. Kh3 Rd3+ 68. Kh2 Rd2+ 69.
Kh3 Rd3+ 70. Kh2 Rd2+ 1/2-1/2

[Event "*** Titled Tuesday Blitz"]
[Site "Chess.com"]
[Date "2021.04.06"]
[Round "10"]
[White "ajedrez1101"]
[Black "chesslh19"]
[Result "0-1"]
[WhiteElo "2117"]
[BlackElo "2241"]
[TimeControl "180+1"]
[EndTime "11:57:45 PDT"]
[Termination "chesslh19 won by resignation"]

1. d4 Nf6 2. Bf4 d5 3. e3 c5 4. Nf3 Nc6 5. Nbd2 e6 6. c3 Bd6 7. Bg3 O-O 8. Bd3 b6 9. Qe2 Bb7 10. Rd1 Re8 11. e4 Bxg3 12. hxg3 h6 13. e5 Nd7 14. Bb1 cxd4 15. cxd4 Nf8 16. g4 f6 17. Qe3 fxe5 18. Nxe5 Nxe5 19. Qxe5 Rc8 20. Nf3 Qc7 21. Qxc7 Rxc7 22. Ne5 Rec8 23. Kd2 Nd7 24. Nxd7 Rxd7 25. Rc1 Rdc7 26. Rxc7 Rxc7 27. Re1 Kf7 28. f3 Rc4 29. Ke3 a5 30. Bd3 Rc7 31. Kd2 Bc8 32.
a3 Bd7 33. Rc1 Rxc1 34. Kxc1 Ke7 35. Kd2 Kd6 36. f4 g5 37. g3 Ke7 38. Ke3 Kd6 39.
Be2 Bc8 40. b4 axb4 41. axb4 Bd7 42. Bd3 Bc8 43. Be2 Bd7 44. Bd3 Be8 45. f5 Ke7 46.
Bc2 Kf6 47. Kf3 Bb5 48. Bb1 Bc4 49.
Bc2 e5 50. dxe5+ Kxe5 51. Ke3 d4+ 52. Kd2 Bd5 53. Bd1 Be4 54. Be2 Bd5 55. Bd3 Bf3 56. Kc1 Bxg4 57. Kd2 Bxf5 58. Be2 Be4 59. Bh5 Bf5 60.
Be2 g4 61. Bd1 h5 62. Be2 h4 63. gxh4 g3 64. Bf1 Kf4 65. Bg2 Kg4 66. h5 Kxh5 67.
Ke2 Kg5 68. Kf3 d3 69. Bf1 d2 70.
Be2 Bg4+ 71. Ke3 Bxe2 72. Kxe2 g2 73. Kxd2 g1=Q 0-1

[Event "*** Titled Tuesday Blitz"]
[Site "Chess.com"]
[Date "2021.04.06"]
[Round "10"]
[White "Legendinunknown"]
[Black "Vincent_Vega95"]
[Result "1/2-1/2"]
[WhiteElo "2610"]
[BlackElo "2711"]
[TimeControl "180+1"]
[EndTime "11:57:49 PDT"]
[Termination "Game drawn - insufficient material"]

1. d4 g6 2. c4 Nf6 3. Nc3 Bg7 4. e4 O-O 5. Nf3 d6 6. Be2 Nbd7 7. Be3 e5 8. d5 Ng4 9. Bg5 f6 10. Bh4 h5 11. h3 Nh6 12. Qd2 Nf7 13. g4 Bh6 14. Qc2 hxg4 15. hxg4 Kg7 16. Nd2 Rh8 17. O-O-O a5 18. Kb1 Nc5 19. Bg3 Bd7 20. Rh2 Bf4 21.
Bxf4 exf4 22. Rdh1 Rxh2 23. Rxh2 Ne5 24. f3 Qe7 25.
Nb3 Nxb3 26. Qxb3 b6 27. Qd1 Rh8 28. Qh1 Qe8 29. b3 Qg8 30. Kc2 Rh7 31. a3 Qh8 32.
Rxh7+ Qxh7 33. Qxh7+ Kxh7 34. b4 axb4 35. axb4 Kh6 36.
Kd2 Kg5 37. Ke1 Kh4 38. Kf2 f5 39. gxf5 gxf5 40. Bf1 fxe4 41. Nxe4 Bf5 42. Nf6 Bd3 43. Bxd3 Nxd3+ 44. Ke2 Nxb4 45. Ne8 Na6 46. Ng7 Kg5 47. Ne6+ Kf5 48. Nd4+ Ke5 49. Nb5 Nc5 50. Kd2 Na6 51. Kd3 Kf5 52. Kd4 Kg5 53. Kd3 Kh4 54. Kd2 Kh3 55. Ke2 Kg3 56. Nd4 Nb4 57. Nf5+ Kg2 58. Nd4 b5 59. Nxb5 c6 60. dxc6 Nxc6 61. Nxd6 Nd4+ 62.
Kd3 Nxf3 63. c5 Ng5 64. Nf5 Ne6 65. c6 f3 66. Nh4+ Kg3 67. Nxf3 Kxf3 68. Kc4 Nc7 69. Kc5 Kf4 70. Kd6 Na6 71. Kd5 Kf5 72. Kc4 Nc7 73. Kc5 Ke6 74. Kb6 Kd6 75. Kb7 Nd5 76. Ka6 Nc7+ 77. Ka5 Nd5 78. Kb5 Nc7+ 79. Kb6 Nd5+ 80.
Kb7 Nc7 81. Kb6 Nd5+ 82. Kb5 Nc7+ 83. Kc4 Kxc6 1/2-1/2

[Event "*** Titled Tuesday Blitz"]
[Site "Chess.com"]
[Date "2021.04.06"]
[Round "10"]
[White "Hasangatin_Ramil"]
[Black "Ajedrez_con_German"]
[Result "1-0"]
[WhiteElo "2580"]
[BlackElo "2472"]
[TimeControl "180+1"]
[EndTime "11:57:49 PDT"]
[Termination "Hasangatin_Ramil won by resignation"]

1. e4 d5 2. exd5 Qxd5 3. Nf3 Nf6 4. d4 Bg4 5. Be2 e6 6. O-O Be7 7. h3 Bh5 8. c4 Qd8 9. Qb3 Qc8 10. Nc3 c6 11.
Bf4 Nbd7 12. Rfe1 O-O 13. Rac1 Nb6 14. a4 Rd8 15. a5 Nbd7 16. d5 Nc5 17. Qa3 Bf8 18. b4 Bxf3 19. bxc5 Bxe2 20. Rxe2 cxd5 21. Na4 dxc4 22. Rxc4 Rd1+ 23. Kh2 Qc6 24. Qb3 Rad8 25.
Rb2 Nh5 26. Qxb7 Qxb7 27. Rxb7 Nxf4 28. Rxf4 a6 29. Rfxf7 Ra1 30. Nb6 Rxa5 31. c6 Rd2 32.
Rxf8+ Kxf8 33. c7 Rc5 34. c8=Q+ Rxc8 35. Nxc8 Rxf2 36. Rb6 Ra2 37. Rxe6 a5 38. Ra6 a4 39. Ra7 Ra1 40. Nd6 a3 41. Ne4 a2 42. Nc3 Rc1 43.
Nxa2 Ra1 44. Ra6 h6 45. Nb4 Rb1 46. Nd3 Rb3 47. Ne5 Kg8 48. Ra7 Kh7 49. Nf3 Rb2 50. Kg3 Rc2 51. h4 Rb2 52. Kh3 Rc2 53. g3 Rb2 54. Nd4 Rb4 55. Nf5 Kg6 56. Ne7+ Kh7 57. h5 Kh8 58. Nf5 Rb5 59. g4 Rb1 60. Nxg7 Rh1+ 61. Kg2 Rb1 62. Nf5 Rb2+ 63. Kg3 Kg8 64. Nxh6+ Kh8 65. Nf5 Kg8 66. Kh4 Kh8 67. Kg5 Rb6 68.
h6 Kg8 69. Ne7+ Kh8 70. Ng6+ 1-0